 Dungeon Crawl Stone Soup version 0.30-a0-165-g1891117ce2 (webtiles) character file.

Game seed: 16731558757838927953

4162 qw the Cleaver (level 10, -1/64 HPs)
             Began as a Gargoyle Fighter on Sept 28, 2022.
             Slain by a gnoll bouda
             ... wielding a +0 whip
              (5 damage)
             ... on level 7 of the Dungeon.
             The game lasted 00:02:46 (7897 turns).

qw the Cleaver (Gargoyle Fighter)                   Turns: 7897, Time: 00:02:46

Health: -1/64      AC: 21    Str: 24    XL:     10   Next: 28%
Magic:  10/10      EV: 11    Int:  9    God:
Gold:   287        SH:  4    Dex:  9    Spells: 9/9 levels left

rFire   + . .      SeeInvis .    b - +0 broad axe
rCold   . . .      Faith    .    c - +0 buckler
rNeg    + . .      Spirit   .    s - +0 plate armour
rPois   inf        Reflect  .    e - +0 helmet
rElec   +          Harm     .    (no cloak)
rCorr   .          Rampage  .    (no gloves)
Will    .....                    (no boots)
Stlth   ..........               (no amulet)
HPRegen 0.20/turn                j - ring of protection from fire
MPRegen 0.12/turn                l - +4 ring of evasion

@: no status effects
A: sickness immunity, AC +7, negative energy resistance 1, electricity
resistance, torment resistance 1, petrification resistance
a: no special abilities


You were on level 7 of the Dungeon.
You visited 2 branches of the dungeon, and saw 8 of its levels.

You collected 287 gold pieces.


Innate Abilities, Weirdness & Mutations

You are immune to sickness and miasma.
Your stone body is resilient. (AC +7)
You are immune to poison.
You resist negative energy. (rN+)
You are resistant to electric shocks. (rElec)
You are resistant to unholy torment.
You are immune to petrification.


   Skills:
 - Level 8.0 Fighting
 + Level 10.1 Axes
 - Level 3.0 Throwing
 - Level 6.0 Armour
 - Level 1.4 Dodging
 - Level 5.1 Shields


You had 9 spell levels left.
You didn't know any spells.
Your spell library was empty.

Inventory:

Hand Weapons
 b - a +0 broad axe (weapon)
 g - a +0 morningstar
Armour
 c - a +0 buckler (worn)
 e - a +0 helmet (worn)
 s - a +0 plate armour (worn)
Jewellery
 j - a ring of protection from fire (left hand)
 l - a +4 ring of evasion (right hand)
 o - an amulet of regeneration
Scrolls
 n - 3 scrolls of identify
Potions
 d - 5 potions of might
 h - a potion of cancellation
 i - a potion of ambrosia {unknown}
 k - 2 potions of lignification
 m - 2 potions of flight {unknown}
 p - 2 potions of haste {unknown}
 r - 2 potions of curing {unknown}

Dungeon Overview and Level Annotations

Branches:
Dungeon (7/15)             Temple (1/1) D:6

Altars:
Cheibriados
Dithmenos
Elyvilon
Fedhas
Gozag
Hepliaklqana
Nemelex Xobeh
Qazlal
Ru
Sif Muna
Uskayaw
Vehumet
Wu Jian
Xom
Yredelemnul
Zin
The Shining One


Message History

You bump into the tree.
The bullfrog hits you.
The gnoll bouda hits you with a +0 whip.
The bullfrog hits you but does no damage.
You miss the bullfrog.
The bullfrog is almost dead.
You hit the gnoll bouda but do no damage.
The bullfrog hits you but does no damage.
The gnoll bouda closely misses you.
The bullfrog hits you but does no damage.
You bump into the tree.
The bullfrog hits you. The gnoll bouda barely misses you.
The bullfrog hits you but does no damage.
The gnoll bouda gazes fiercely through you!
You feel your attacks grow feeble.
The bullfrog hits you but does no damage.
You miss the bullfrog.
The bullfrog is almost dead.
The bullfrog barely misses you. The bullfrog attacks as you move away!
The bullfrog closely misses you.
Your attacks no longer feel as feeble.
The bullfrog hits you but does no damage.
You bump into the stone wall.
The bullfrog completely misses you.
You bump into the tree.
You feel less confused. You block the bullfrog's attack.
A cyclops comes into view.
The bullfrog hits you but does no damage.
You hit the bullfrog.
The bullfrog is almost dead.
The bullfrog hits you. The bullfrog misses you.
You miss the bullfrog.
The bullfrog is almost dead.
You block the bullfrog's attack.
You hit the bullfrog.
You kill the bullfrog!
You barely miss the gnoll bouda.
The gnoll bouda hits you with a +0 whip.
You die...

#......#.#############...######
#........# ...777...7...7...7
#......#.# 777.77..7...#...7..7
#........# 7.....77777#.#77777.
###......#7777.77..7...#...7..7
#......#.....777...7...7...77
#......###.### #############
##.....#....)# ..#
#.###.#.777@#777)# #.777
####+###.#.7 7.gs.c)# #....
#......#.#.777.#777%# #.777
#......#.#.....# ..#
#........###.############ #####
#.......)#77.7777....77.777...7
#/.....#.#7...77.~~~....77..7.7
######.#.#.......~~.7.7.7)~~~..
#...#7...7777..7.7.))....7


You could see a centaur, a gnoll bouda and a scorpion.

Vanquished Creatures
  Maggie (D:7)
  A wraith (D:7)
  A wyvern (D:7)
  3 steam dragons
  A basilisk (D:7)
  Duvessa (D:6)
  A water moccasin (D:7)
  An orc warrior (D:6)
  A sky beast (D:7)
  3 ice beasts
  An ogre (D:6)
  2 centaurs (D:7)
  3 phantoms
  A kobold brigand (D:7)
  2 necrophages (D:6)
  3 scorpions
  3 bullfrogs
  3 wights (D:6)
  Dowan (D:6)
  6 killer bees (D:7)
  3 jellies
  A hound (D:6)
  6 orc priests
  A gnoll bouda (D:7)
  2 iguanas
  7 orc wizards
  Robin (D:2)
  8 adders
  4 gnolls (D:5)
  3 shadow imps
  2 white imps (D:7)
  2 ufetubi
  2 worms
  3 dart slugs
  20 orcs
  7 bats
  10 endoplasms
  3 giant cockroaches (D:2)
  12 goblins
  8 hobgoblins
  6 jackals
  2 quokkas (D:5)
  A ball python (D:3)
  3 frilled lizards
  14 kobolds
  2 rats
172 creatures vanquished.

Vanquished Creatures (others)
  A bullfrog (D:7)
  A worm (D:2)
  5 plants
7 creatures vanquished.

Grand Total: 179 creatures vanquished

Notes
Turn   | Place    | Note
-------+----------+-------------------------------------------
     0 | D:1      | qw the Gargoyle Fighter began the quest for the Orb.
     0 | D:1      | Reached XP level 1. HP: 14/14 MP: 1/1
     0 | D:1      | 0 ||| qw: Version: 0.2-a-12-gaebbb33
     0 | D:1      | 0 ||| qw: Game counter: 802
     0 | D:1      | 0 ||| qw: Always use a shield: true
     0 | D:1      | 0 ||| qw: God list: Okawaru
     0 | D:1      | 0 ||| qw: Allow faded altars: false
     0 | D:1      | 0 ||| qw: Do Orc after D:15 true
     0 | D:1      | 0 ||| qw: Do second Lair branch before Depths: true
     0 | D:1      | 0 ||| qw: Lair rune preference: random
     0 | D:1      | 0 ||| qw: Plans: Normal, Zot:1-4, God:TSO, Crypt, Tomb,
                  | Pan, Slime:5, Hells, Abyss, Orb
     0 | D:1      | 0 ||| PLANNING D:1-11
    91 | D:1      | Reached skill level 2 in Axes
   200 | D:1      | 200 ||| Stepping ~*~*~tactically~*~*~ (stealth).
   204 | D:1      | Reached XP level 2. HP: 15/19 MP: 2/2
   239 | D:1      | 239 ||| Stepping ~*~*~tactically~*~*~ (stealth).
   245 | D:1      | 245 ||| Stepping ~*~*~tactically~*~*~ (stealth).
   247 | D:1      | 247 ||| Stepping ~*~*~tactically~*~*~ (stealth).
   248 | D:1      | 248 ||| Stepping ~*~*~tactically~*~*~ (stealth).
   274 | D:1      | 274 ||| DROPPING +0 club.
   588 | D:1      | Found a faded altar of an unknown god.
   636 | D:1      | Reached skill level 3 in Axes
  1048 | D:1      | 1048 ||| READING scroll labelled YHUUQEEZIPH.
  1049 | D:1      | 1049 ||| READING 2 scrolls labelled XUNURGH AVOEST.
  1050 | D:1      | 1050 ||| DROPPING scroll of fear.
  1072 | D:2      | 1072 ||| STAIRDANCE
  1081 | D:1      | Reached XP level 3. HP: 11/23 MP: 3/3
  1276 | D:2      | 1276 ||| Stepping ~*~*~tactically~*~*~ (hiding).
  1277 | D:2      | 1277 ||| FLEEEEING.
  1280 | D:2      | 1280 ||| FLEEEEING.
  1281 | D:2      | 1281 ||| FLEEEEING.
  1376 | D:2      | Noticed Robin
  1388 | D:2      | Killed Robin
  1389 | D:2      | Reached XP level 4. HP: 17/28 MP: 4/4
  1552 | D:2      | 1552 ||| Stepping ~*~*~tactically~*~*~ (stealth).
  1560 | D:2      | Reached skill level 4 in Axes
  1982 | D:2      | 1982 ||| UPGRADING to +0 helmet.
  1987 | D:2      | 1987 ||| READING 2 scrolls labelled DOW RIEDEBIC.
  1988 | D:2      | 1988 ||| READING scroll of enchant weapon.
  1988 | D:2      | 1988 ||| ENCHANTING +1 war axe.
  1989 | D:2      | 1989 ||| READING scroll labelled OCZILO TIMARUUHO.
  1990 | D:2      | 1990 ||| READING scroll labelled AHOALOBRAU.
  1991 | D:2      | 1991 ||| READING scroll labelled ALYEGY AZIL.
  1992 | D:2      | 1992 ||| READING scroll labelled NAG TUEBAM.
  2108 | D:3      | Reached XP level 5. HP: 32/32 MP: 5/5
  2154 | D:3      | 2154 ||| Stepping ~*~*~tactically~*~*~ (hiding).
  2187 | D:3      | 2187 ||| Stepping ~*~*~tactically~*~*~ (stealth).
  2198 | D:3      | 2198 ||| Stepping ~*~*~tactically~*~*~ (stealth).
  2199 | D:3      | 2199 ||| Stepping ~*~*~tactically~*~*~ (stealth).
  2223 | D:3      | 2223 ||| DROPPING +0 whip.
  2252 | D:3      | 2252 ||| Stepping ~*~*~tactically~*~*~ (stealth).
  2394 | D:3      | Reached skill level 5 in Axes
  2421 | D:3      | 2421 ||| Stepping ~*~*~tactically~*~*~ (stealth).
  2727 | D:3      | 2727 ||| UPGRADING to ring of protection from fire.
  2728 | D:3      | 2728 ||| READING scroll labelled XUMPOYPPYS.
  2729 | D:3      | 2729 ||| READING scroll labelled DIOTYNL VIKHIA.
  2730 | D:3      | 2730 ||| READING scroll labelled WAKIRI UNUBRE.
  3270 | D:4      | 3270 ||| Stepping ~*~*~tactically~*~*~ (hiding).
  3750 | D:5      | Entered Level 5 of the Dungeon
  3758 | D:5      | Reached skill level 1 in Throwing
  3795 | D:5      | Noticed an ice beast
  3806 | D:5      | HP: 8/32 [ice beast (8)]
  3809 | D:5      | Killed an ice beast
  3810 | D:5      | Reached XP level 6. HP: 11/39 MP: 6/6
  4039 | D:5      | Reached skill level 1 in Dodging
  4052 | D:5      | 4052 ||| FLEEEEING.
  4053 | D:5      | 4053 ||| FLEEEEING.
  4057 | D:5      | 4057 ||| STAIRDANCE
  4089 | D:5      | 4089 ||| Stepping ~*~*~tactically~*~*~ (hiding).
  4090 | D:5      | 4090 ||| Stepping ~*~*~tactically~*~*~ (hiding).
  4099 | D:5      | 4099 ||| Stepping ~*~*~tactically~*~*~ (stealth).
  4101 | D:5      | 4101 ||| Stepping ~*~*~tactically~*~*~ (hiding).
  4110 | D:5      | 4110 ||| FLEEEEING.
  4113 | D:5      | 4113 ||| STAIRDANCE
  4303 | D:5      | Reached XP level 7. HP: 44/44 MP: 7/7
  4322 | D:5      | 4322 ||| Stepping ~*~*~tactically~*~*~ (hiding).
  4332 | D:5      | Reached skill level 6 in Axes
  4499 | D:5      | 4499 ||| Stepping ~*~*~tactically~*~*~ (stealth).
  4602 | D:5      | 4602 ||| Stepping ~*~*~tactically~*~*~ (hiding).
  4736 | D:5      | Noticed a steam dragon
  4745 | D:5      | Killed a steam dragon
  4891 | D:5      | Found a hide-covered altar of Uskayaw.
  5049 | D:5      | 5049 ||| UPGRADING to +1 ring mail of fire resistance.
  5059 | D:5      | 5059 ||| DRINKING 3 fizzy golden potions.
  5081 | D:5      | 5081 ||| DRINKING 2 blue potions.
  5082 | D:5      | 5082 ||| READING 2 scrolls of identify.
  5082 | D:5      | 5082 ||| IDENTIFYING purple potion
  5083 | D:5      | 5083 ||| DROPPING potion of degeneration.
  5084 | D:5      | 5084 ||| DROPPING potion of brilliance.
  5131 | D:6      | Reached skill level 7 in Axes
  5131 | D:6      | Reached XP level 8. HP: 27/48 MP: 8/8
  5306 | D:6      | 5306 ||| DROPPING +0 flail.
  5319 | D:6      | Found a staircase to the Ecumenical Temple.
  5320 | D:6      | 5320 ||| PLANNING TEMPLE
  5326 | D:6      | 5326 ||| FLEEEEING.
  5327 | D:6      | 5327 ||| FLEEEEING.
  5328 | D:6      | 5328 ||| FLEEEEING.
  5329 | D:6      | 5329 ||| FLEEEEING.
  5330 | D:6      | 5330 ||| FLEEEEING.
  5331 | D:6      | 5331 ||| FLEEEEING.
  5335 | D:6      | 5335 ||| FLEEEEING.
  5336 | D:6      | 5336 ||| FLEEEEING.
  5337 | D:6      | 5337 ||| STAIRDANCE
  5341 | D:6      | 5341 ||| STAIRDANCE
  5358 | D:6      | 5358 ||| STAIRDANCE
  5375 | Temple   | Entered the Ecumenical Temple
  5406 | Temple   | 5406 ||| PLANNING D:1-11
  5437 | D:6      | 5437 ||| Stepping ~*~*~tactically~*~*~ (stealth).
  5438 | D:6      | 5438 ||| Stepping ~*~*~tactically~*~*~ (stealth).
  5482 | D:6      | Found an opulent altar of Gozag.
  5500 | D:6      | Reached skill level 8 in Axes
  5691 | D:6      | Reached skill level 6 in Fighting
  5691 | D:6      | Found a stormy altar of Qazlal.
  5796 | D:6      | Noticed Duvessa
  5798 | D:6      | 5798 ||| Stepping ~*~*~tactically~*~*~ (stealth).
  5799 | D:6      | Noticed Dowan
  5800 | D:6      | 5800 ||| Stepping ~*~*~tactically~*~*~ (hiding).
  5806 | D:6      | Killed Duvessa
  5812 | D:6      | Killed Dowan
  5813 | D:6      | Reached XP level 9. HP: 51/55 MP: 9/9
  5964 | D:6      | 5964 ||| UPGRADING to +4 ring of evasion.
  5965 | D:6      | 5965 ||| DRINKING 2 inky potions.
  5966 | D:6      | 5966 ||| READING 2 scrolls of identify.
  5966 | D:6      | 5966 ||| IDENTIFYING golden potion
  6018 | D:5      | 6018 ||| DROPPING +0 scale mail.
  6019 | D:5      | 6019 ||| DROPPING +1 leather armour of cold resistance.
  6020 | D:5      | 6020 ||| UPGRADING to +0 plate armour.
  6030 | D:5      | 6030 ||| DROPPING +1 ring mail of fire resistance.
  6094 | D:7      | 6094 ||| FLEEEEING.
  6095 | D:7      | 6095 ||| STAIRDANCE
  6251 | D:7      | Reached skill level 9 in Axes
  6319 | D:7      | 6319 ||| Stepping ~*~*~tactically~*~*~ (stealth).
  6392 | D:7      | 6392 ||| Stepping ~*~*~tactically~*~*~ (hiding).
  6461 | D:7      | 6461 ||| Stepping ~*~*~tactically~*~*~ (stealth).
  6470 | D:7      | Reached skill level 3 in Throwing
  6473 | D:7      | Noticed Maggie
  6475 | D:7      | 6475 ||| Stepping ~*~*~tactically~*~*~ (hiding).
  6492 | D:7      | Killed Maggie
  6515 | D:7      | 6515 ||| FLEEEEING.
  6516 | D:7      | 6516 ||| FLEEEEING.
  6517 | D:7      | 6517 ||| FLEEEEING.
  6518 | D:7      | 6518 ||| FLEEEEING.
  6518 | D:7      | HP: 14/57 [orc priest/divine providence (14)]
  6519 | D:7      | 6519 ||| FLEEEEING.
  6520 | D:7      | 6520 ||| FLEEEEING.
  6521 | D:7      | 6521 ||| FLEEEEING.
  6522 | D:7      | 6522 ||| FLEEEEING.
  6523 | D:7      | 6523 ||| FLEEEEING.
  6524 | D:7      | 6524 ||| FLEEEEING.
  6525 | D:7      | 6525 ||| FLEEEEING.
  6526 | D:7      | 6526 ||| FLEEEEING.
  6527 | D:7      | 6527 ||| FLEEEEING.
  6528 | D:7      | 6528 ||| FLEEEEING.
  6529 | D:7      | 6529 ||| FLEEEEING.
  6532 | D:7      | 6532 ||| FLEEEEING.
  6533 | D:7      | 6533 ||| FLEEEEING.
  6534 | D:7      | 6534 ||| FLEEEEING.
  6535 | D:7      | 6535 ||| FLEEEEING.
  6536 | D:7      | 6536 ||| FLEEEEING.
  6537 | D:7      | 6537 ||| FLEEEEING.
  6538 | D:7      | 6538 ||| FLEEEEING.
  6539 | D:7      | 6539 ||| FLEEEEING.
  6540 | D:7      | 6540 ||| FLEEEEING.
  6541 | D:7      | 6541 ||| FLEEEEING.
  6542 | D:7      | 6542 ||| FLEEEEING.
  6543 | D:7      | 6543 ||| FLEEEEING.
  6544 | D:7      | 6544 ||| FLEEEEING.
  6545 | D:7      | 6545 ||| FLEEEEING.
  6546 | D:7      | 6546 ||| FLEEEEING.
  6547 | D:7      | 6547 ||| FLEEEEING.
  6548 | D:7      | 6548 ||| FLEEEEING.
  6550 | D:7      | 6550 ||| FLEEEEING.
  6552 | D:7      | 6552 ||| FLEEEEING.
  6553 | D:7      | 6553 ||| FLEEEEING.
  6554 | D:7      | 6554 ||| FLEEEEING.
  6555 | D:7      | 6555 ||| FLEEEEING.
  6556 | D:7      | 6556 ||| FLEEEEING.
  6557 | D:7      | 6557 ||| STAIRDANCE
  6747 | D:7      | 6747 ||| STAIRDANCE
  6835 | D:7      | 6835 ||| Stepping ~*~*~tactically~*~*~ (stealth).
  6837 | D:7      | 6837 ||| Stepping ~*~*~tactically~*~*~ (stealth).
  6867 | D:7      | Reached skill level 6 in Armour
  7031 | D:7      | 7031 ||| SWAPPING to +0 broad axe.
  7033 | D:7      | 7033 ||| Stepping ~*~*~tactically~*~*~ (hiding).
  7034 | D:7      | 7034 ||| Stepping ~*~*~tactically~*~*~ (hiding).
  7139 | D:7      | 7139 ||| DROPPING +2 war axe of venom.
  7182 | D:7      | 7182 ||| Stepping ~*~*~tactically~*~*~ (hiding).
  7187 | D:7      | Reached XP level 10. HP: 63/63 MP: 10/10
  7306 | D:7      | Reached skill level 10 in Axes
  7502 | D:7      | Found an ornate altar of the Wu Jian Council.
  7691 | D:7      | 7691 ||| Stepping ~*~*~tactically~*~*~ (hiding).
  7693 | D:7      | 7693 ||| Stepping ~*~*~tactically~*~*~ (hiding).
  7860 | D:7      | HP: 13/64 [basilisk (11)]
  7860 | D:7      | HP: 6/64 [basilisk (7)]
  7861 | D:7      | 7861 ||| DRINKING 2 potions of heal wounds.
  7873 | D:7      | HP: 14/64 [bullfrog (5)]
  7874 | D:7      | 7874 ||| DRINKING potion of heal wounds.
  7883 | D:7      | HP: 14/64 [gnoll bouda/+0 whip (5)]
  7886 | D:7      | HP: 3/64 [bullfrog (5)]
  7893 | D:7      | Noticed a cyclops
  7894 | D:7      | HP: 3/64 [bullfrog (1)]
  7897 | D:7      | Slain by a gnoll bouda

Levels and vault maps discovered:
D:1:      dpeg_arrival_connections, layout_basic,
          shapermc_ecumenical_altar_venn, minivault_4, solitary_fountain
D:2:      layout_basic, uniq_robin
D:3:      layout_basic
D:4:      layout_loops_corners
D:5:      layout_loops_ring, nicolae_overflow_hidden_temple, grunt_ministairs_14
D:6:      layout_rooms, nicolae_gozag_cash_rules_everything_around_me,
          mainiacjoe_overflow_cross_hatched, minmay_temple_entry_waves,
          uniq_duvessa
D:7:      nzn_winding_woodlands_medium [nzn_winding_woodlands_5x5_three,
          nzn_winding_woodlands_5x15_twine, nzn_winding_woodlands_hourglass,
          nzn_winding_woodlands_5x5_perimeter,
          nzn_winding_woodlands_center_pierced_h,
          nzn_winding_woodlands_5x5_default, nzn_winding_woodlands_5x5_default,
          nzn_winding_woodlands_5x15_pathside_ponds,
          nzn_winding_woodlands_5x5_cross], layout_basic,
          pdpol_wu_jian_five_deadly_venoms, minmay_fractal_squares_gapless_5,
          uniq_maggie
Temple:   nicolae_temple_ecumenical_triangle

Skill      XL: |  1  2  3  4  5  6  7  8  9 10 |
---------------+-------------------------------+-----
Axes           | 2 3 4 5 7 8 9 10 | 10.1
Throwing       | 1 2 3 |  3.0
Fighting       | 4 6 7 8 |  8.0
Dodging        | 1 |  1.4
Armour         | 6 |  6.0
Shields        | 4 5 |  5.1

Action                   |  1- 3 |  4- 6 |  7- 9 | 10-12 || total
-------------------------+-------+-------+-------+-------++-------
Melee: War axe           |    90 |   155 |   187 |       ||   432
       Broad axe         |       |       |     6 |    71 ||    77
Throw: Javelin           |       |    13 |    25 |     4 ||    42
  Use: Scroll            |     2 |     9 |     2 |       ||    13
       Potion            |       |       |     3 |     2 ||     5
Armor: Scale mail        |    60 |    87 |    15 |       ||   162
       Ring mail         |       |       |    31 |       ||    31
       Plate armour      |       |       |    54 |    66 ||   120
Dodge: Dodged            |    35 |    67 |    88 |    74 ||   264
Block: Buckler           |    12 |    37 |    40 |    14 ||   103

Table legend:
 A = Non-vault XP
 B = Vault XP
 C = Vault XP percentage of total XP
 D = Non-vault monster count
 E = Vault monster count
 F = Vault count percentage of total count
                 A         B        C        D         E       F
            +---------+---------+-------+---------+---------+-------
      Total |    3439 |    2507 |  42.2 |     138 |      36 |  20.7
            +---------+---------+-------+---------+---------+-------
        D:1 |      38 |       0 |   0.0 |      20 |       0 |   0.0
        D:2 |      83 |      33 |  28.4 |      16 |      11 |  40.7
        D:3 |      86 |       0 |   0.0 |      25 |       0 |   0.0
        D:4 |      37 |       0 |   0.0 |       9 |       0 |   0.0
        D:5 |     761 |     113 |  12.9 |      16 |       4 |  20.0
        D:6 |    1189 |     223 |  15.8 |      23 |       2 |   8.0
        D:7 |    1245 |    2138 |  63.2 |      29 |      19 |  39.6
            +---------+---------+-------+---------+---------+-------
